 Dungeon Crawl Stone Soup version 0.31-a0-210-gccc998df9b (webtiles) character file.

Game seed: 16503199649349885571

5338 qw the Skirmisher (level 10, -5/70 HPs)
             Began as a Gargoyle Hexslinger on June 29, 2023.
             Was a Believer of Okawaru.
             Shot with an arrow by a centaur warrior (8 damage)
             ... on level 8 of the Dungeon.
             The game lasted 00:02:31 (7004 turns).

qw the Skirmisher (Gargoyle Hexslinger)             Turns: 7004, Time: 00:02:32

Health: -5/70      AC: 25    Str: 15    XL:     10   Next: 65%
Magic:  11/13      EV: 15    Int: 14    God:    Okawaru [**....]
Gold:   712        SH:  0    Dex: 19    Spells: 10/11 levels left

rFire   . . .        l - +3 greatsling "Punk" {acid, rCorr}
rCold   . . .        (no shield)
rNeg    + . .        h - +3 ring mail of Entitlement {rElec Dex+4 Stlth-}
rPois   inf          c - +2 hat
rElec   +            m - +0 cloak
rCorr   +            (no gloves)
SInv    .            f - +3 pair of seven-league boots {Rampage+∞}
Will    .....        (no amulet)
Stlth   +            (no ring)
HPRegen 0.31/turn    (no ring)
MPRegen 0.13/turn

%: rampage+inf
@: about to teleport, heroic
A: sickness immunity, AC +7, negative energy resistance 1, electricity
resistance, torment resistance 1, petrification resistance, robust 1, strong 1
a: Renounce Religion, Heroism


You were on level 8 of the Dungeon.
You worshipped Okawaru.
Okawaru was pleased with you.
You visited 1 branch of the dungeon, and saw 9 of its levels.

You collected 712 gold pieces.


Innate Abilities, Weirdness & Mutations

You are immune to sickness and miasma.
Your stone body is resilient. (AC +7)
You are immune to poison.
You resist negative energy. (rN+)
You are resistant to electric shocks. (rElec)
You are resistant to unholy torment.
You are immune to petrification.
You are robust. (+10% HP)
Your muscles are strong. (Str +4, Int/Dex -1)


   Skills:
 - Level 8.0(13.0) Fighting
 + Level 12.0(17.0) Ranged Weapons
 - Level 4.5(9.5) Armour
 - Level 3.1(8.1) Dodging
 - Level 1.0 Spellcasting
 - Level 2.6 Hexes
 - Level 4.0 Invocations


You had 10 spell levels left.
You knew the following spells:

 Your Spells              Type           Power      Damage    Failure   Level
a - Slow                  Hex            32%        N/A       16%         1

Your spell library contained the following spells:

 Spells                   Type           Power      Damage    Failure   Level
 Inner Flame              Hex/Fire       4%         N/A       61%         3
 Portal Projectile        Hex/Tloc       8%         N/A       61%         3
 Cause Fear               Hex            4%         N/A       83%         4

Inventory:

Hand Weapons
 l - the +3 greatsling "Punk" (weapon) {acid, rCorr}
   (You acquired it on level 3 of the Dungeon)

   rCorr:     It protects you from acid and corrosion.
Armour
 c - a +2 hat (worn)
 f - the +3 pair of seven-league boots (worn) {Rampage+∞}
   (You acquired it on level 3 of the Dungeon)

   Rampage+∞: When moving toward enemies, its wearer moves as far as possible,
   alerting their target en route.
 h - the +3 ring mail of Entitlement (worn) {rElec Dex+4 Stlth-}
   (You took it off a goblin on level 2 of the Dungeon)

   Dex:       It affects your dexterity (+4).
   rElec:     It insulates you from electricity.
   Stlth:     It makes you less stealthy.
 m - a +0 cloak (worn)
Jewellery
 g - a ring of resist corrosion
Scrolls
 a - a scroll of identify
Potions
 d - a potion of resistance
 n - a potion of might

Dungeon Overview and Level Annotations

Branches:
Dungeon (9/15)             Temple (0/1) D:6            Lair (0/5) D:8
    Orc: D:9-12

Altars:
Ashenzari
Cheibriados
Fedhas
Okawaru
Qazlal
Ru
Trog
Wu Jian
Zin


Message History

6998 ||| READING 2 scrolls of teleportation.
As you read the scroll of teleportation, it crumbles to dust.
You feel strangely unstable.
The orc wizard shouts!
6999 ||| INVOKING Heroism.
You gain the combat prowess of a mighty hero.
The wight closely misses you.
You shoot a sling bullet. The sling bullet hits the wight.
The wight is splashed with acid.
The acid corrodes the wight!
The wight is severely damaged.
You shoot a sling bullet. The sling bullet hits the wight!
You destroy the wight!
Okawaru accepts your kill.
You shoot a sling bullet.
The sling bullet closely misses the orc wizard.
Your surroundings suddenly seem different.
The basilisk hisses angrily.
The killer bee barely misses you.
Enter note:
Enter note:
Enter note:
Enter note:
Enter note:
Enter note:
Enter note:
Enter note:
Enter note:
7003 ||| READING scroll of teleportation.
As you read the scroll of teleportation, it crumbles to dust.
You feel strangely unstable.
The centaur warrior shoots an arrow.
The arrow barely misses you.
The killer bee stings you but does no damage.
The centaur warrior shoots an arrow.
The arrow barely misses you. The killer bee closely misses you.
You shoot a sling bullet. The sling bullet hits the killer bee.
The killer bee is splashed with acid.
The killer bee is lightly wounded.
The killer bee stings you but does no damage.
The centaur warrior shoots an arrow.
The arrow hits you!
You die...

............# #.# #.#
......<.....## #.# #.#
###..........# #.# #.#
#..........#########.#
#.#
##########......[....#
#.# ############# #.#
#.# ########### #.#
+......@..+ #.#
#......yo.# #.#
#....c....# #.#
#..c.#.......l.# #.#
#....#...".....# #.#
#....#........)# #.#
#..o.#...$.....# #.#
#..e #.........# #.#
#e¤ ....)...# #.#


You could see a centaur warrior, a basilisk, a killer bee and an orc.

Vanquished Creatures
  An unseen horror (D:8)
  2 trolls
  A meliai (D:8)
  3 wyverns (D:8)
  9 yaks
  2 steam dragons
  A water moccasin (D:6)
  Duvessa (D:4)
  2 orc warriors
  An ice beast (D:7)
  A sky beast (D:7)
  A black bear (D:6)
  2 ogres
  A kobold brigand (D:6)
  A scorpion (D:6)
  A gnoll sergeant (D:6)
  4 bullfrogs
  7 wights
  Dowan (D:4)
  3 hounds
  5 orc priests
  A jelly (D:6)
  2 gnoll boudas
  A sleepcap (D:5)
  4 orc wizards
  3 iguanas
  Terence (D:2)
  4 gnolls (D:6)
  9 adders
  A shadow imp (D:5)
  2 white imps
  2 ufetubi
  6 dart slugs
  16 orcs
  13 bats
  6 endoplasms
  2 giant cockroaches
  14 goblins
  8 hobgoblins
  4 jackals (D:5)
  3 quokkas
  A ball python (D:2)
  3 frilled lizards
  10 kobolds
  5 rats
171 creatures vanquished.

Notes
Turn   | Place    | Note
-------+----------+-------------------------------------------
     0 | D:1      | qw the Gargoyle Hexslinger began the quest for the Orb.
     0 | D:1      | Reached XP level 1. HP: 12/12 MP: 2/2
     0 | D:1      | 0 ||| qw: Version: 0.3-a-24-ga2abf7b
     0 | D:1      | 0 ||| qw: Game counter: 6747
     0 | D:1      | 0 ||| qw: Melee chars always use a shield: true
     0 | D:1      | 0 ||| qw: God list: Okawaru
     0 | D:1      | 0 ||| qw: Allow faded altars: false
     0 | D:1      | 0 ||| qw: Do Orc after clearing Dungeon:15 true
     0 | D:1      | 0 ||| qw: Do second Lair branch before Depths: true
     0 | D:1      | 0 ||| qw: Lair rune preference: random
     0 | D:1      | 0 ||| qw: Goals: Normal
     0 | D:1      | 0 ||| PLANNING D:1-11
   110 | D:1      | Reached XP level 2. HP: 16/16 MP: 3/3
   353 | D:1      | Reached skill level 3 in Ranged Weapons
   627 | D:1      | 627 ||| UPGRADING to ring of resist corrosion.
   628 | D:1      | 628 ||| READING 4 scrolls labelled ROWUCSOSMA.
   629 | D:1      | 629 ||| READING scroll labelled KEOHU APUP.
   630 | D:1      | 630 ||| READING scroll labelled REAXEA CA CAUNT.
   635 | D:1      | 635 ||| READING scroll labelled JIGOTI QUOKYUFI.
   636 | D:1      | 636 ||| READING 3 scrolls of identify.
   636 | D:1      | 636 ||| IDENTIFYING blue potion
   637 | D:1      | 637 ||| DROPPING scroll of poison.
   816 | D:2      | Reached XP level 3. HP: 21/21 MP: 4/4
   982 | D:2      | Noticed Terence
   992 | D:2      | Killed Terence
   993 | D:2      | Reached XP level 4. HP: 23/26 MP: 5/5
  1045 | D:2      | Reached skill level 4 in Ranged Weapons
  1126 | D:2      | Identified the +1 dagger of Duapsef {heavy, Str+3}
  1200 | D:2      | Identified the +3 ring mail of Entitlement {rElec Dex+4
                  | Stlth-}
  1641 | D:2      | 1641 ||| UPGRADING to +3 ring mail of Entitlement {rElec
                  | Dex+4 Stlth-}.
  1651 | D:2      | 1651 ||| DROPPING +0 robe.
  1652 | D:2      | 1652 ||| READING scroll labelled RIAH WIFYISCH.
  1653 | D:2      | 1653 ||| READING scroll labelled LEOSIR KILUMICS.
  1654 | D:2      | 1654 ||| DRINKING 2 puce potions.
  1655 | D:2      | 1655 ||| DROPPING potion of degeneration.
  1950 | D:3      | Reached skill level 1 in Armour
  2277 | D:3      | Reached XP level 5. HP: 30/30 MP: 6/6
  2452 | D:3      | 2452 ||| READING 2 scrolls labelled XEILIE ARPHY.
  2452 | D:3      | Identified 2 scrolls of acquirement
  2452 | D:3      | 2452 ||| ACQUIRING +3 greatsling "Punk" {acid, rCorr}
  2452 | D:3      | Acquired the +3 greatsling "Punk" {acid, rCorr}
  2452 | D:3      | Found the +3 greatsling "Punk" {acid, rCorr}
  2454 | D:3      | 2454 ||| SWAPPING to +3 greatsling "Punk" {acid, rCorr}.
  2455 | D:3      | 2455 ||| REMOVING ring of resist corrosion.
  2456 | D:3      | 2456 ||| DROPPING +1 sling of draining.
  2457 | D:3      | 2457 ||| READING scroll of acquirement.
  2457 | D:3      | 2457 ||| ACQUIRING +3 pair of seven-league boots
                  | {Rampage+∞}
  2457 | D:3      | Acquired the +3 pair of seven-league boots {Rampage+∞}
  2457 | D:3      | Found the +3 pair of seven-league boots {Rampage+∞}
  2459 | D:3      | 2459 ||| UPGRADING to +3 pair of seven-league boots
                  | {Rampage+∞}.
  2464 | D:3      | 2464 ||| READING 5 scrolls of identify.
  2464 | D:3      | 2464 ||| IDENTIFYING coppery potion
  2465 | D:3      | 2465 ||| READING 4 scrolls of identify.
  2465 | D:3      | 2465 ||| IDENTIFYING cyan potion
  2466 | D:3      | 2466 ||| READING 3 scrolls of identify.
  2466 | D:3      | 2466 ||| IDENTIFYING metallic white potion
  2467 | D:3      | 2467 ||| READING 2 scrolls of identify.
  2467 | D:3      | 2467 ||| IDENTIFYING bubbling blue potion
  2468 | D:3      | 2468 ||| DROPPING potion of invisibility.
  2469 | D:3      | 2469 ||| DROPPING potion of lignification.
  2614 | D:4      | Found a stormy altar of Qazlal.
  2619 | D:4      | Noticed Dowan
  2621 | D:4      | Killed Dowan
  2621 | D:4      | Noticed Duvessa
  2622 | D:4      | Reached skill level 5 in Ranged Weapons
  2627 | D:4      | Killed Duvessa
  2628 | D:4      | Reached skill level 3 in Fighting
  2628 | D:4      | Reached XP level 6. HP: 22/38 MP: 7/7
  2635 | D:4      | 2635 ||| FLEEEEING.
  2636 | D:4      | 2636 ||| FLEEEEING.
  2637 | D:4      | 2637 ||| FLEEEEING.
  2638 | D:4      | 2638 ||| FLEEEEING.
  2639 | D:4      | 2639 ||| FLEEEEING.
  2640 | D:4      | 2640 ||| FLEEEEING.
  2641 | D:4      | 2641 ||| FLEEEEING.
  2642 | D:4      | 2642 ||| FLEEEEING.
  2643 | D:4      | 2643 ||| FLEEEEING.
  2644 | D:4      | 2644 ||| FLEEEEING.
  2645 | D:4      | 2645 ||| FLEEEEING.
  2646 | D:4      | 2646 ||| FLEEEEING.
  2647 | D:4      | 2647 ||| FLEEEEING.
  2649 | D:4      | 2649 ||| FLEEEEING.
  2650 | D:4      | 2650 ||| FLEEEEING.
  2651 | D:4      | 2651 ||| FLEEEEING.
  2652 | D:4      | 2652 ||| FLEEEEING.
  2653 | D:4      | 2653 ||| FLEEEEING.
  2654 | D:4      | 2654 ||| FLEEEEING.
  2655 | D:4      | 2655 ||| FLEEEEING.
  2656 | D:4      | 2656 ||| FLEEEEING.
  2658 | D:4      | 2658 ||| FLEEEEING.
  2659 | D:4      | 2659 ||| FLEEEEING.
  2660 | D:4      | 2660 ||| FLEEEEING.
  2661 | D:4      | 2661 ||| FLEEEEING.
  2662 | D:4      | 2662 ||| FLEEEEING.
  2664 | D:4      | 2664 ||| FLEEEEING.
  2665 | D:4      | 2665 ||| FLEEEEING.
  2666 | D:4      | 2666 ||| FLEEEEING.
  2667 | D:4      | 2667 ||| FLEEEEING.
  2668 | D:4      | 2668 ||| FLEEEEING.
  2670 | D:4      | 2670 ||| FLEEEEING.
  2671 | D:4      | 2671 ||| FLEEEEING.
  2672 | D:4      | 2672 ||| FLEEEEING.
  2673 | D:4      | 2673 ||| FLEEEEING.
  2675 | D:4      | 2675 ||| FLEEEEING.
  2676 | D:4      | 2676 ||| FLEEEEING.
  2737 | D:4      | Found a glowing silver altar of Zin.
  3004 | D:4      | 3004 ||| UPGRADING to +2 hat.
  3071 | D:4      | 3071 ||| UPGRADING to +0 cloak.
  3278 | D:4      | 3278 ||| DRINKING 2 inky potions.
  3279 | D:4      | 3279 ||| DROPPING potion of brilliance.
  3305 | D:5      | Entered Level 5 of the Dungeon
  3310 | D:5      | Reached skill level 6 in Ranged Weapons
  3335 | D:5      | Reached XP level 7. HP: 43/43 MP: 8/8
  3440 | D:5      | Found an iron altar of Okawaru.
  3459 | D:5      | 3459 ||| PLANNING OKAWARU WORSHIP
  3459 | D:5      | 3459 ||| READING scroll labelled QASAOB LASACITAPO.
  3471 | D:5      | Became a worshipper of Warmaster Okawaru
  3472 | D:5      | 3472 ||| PLANNING D:1-11
  3670 | D:5      | Noticed a yak
  3672 | D:5      | Noticed a yak
  3673 | D:5      | Killed a yak
  3673 | D:5      | Noticed a yak
  3674 | D:5      | Reached skill level 7 in Ranged Weapons
  3675 | D:5      | Noticed a yak
  3677 | D:5      | Killed a yak
  3677 | D:5      | Reached * piety under Okawaru
  3678 | D:5      | Reached skill level 3 in Armour
  3678 | D:5      | Reached XP level 8. HP: 48/48 MP: 9/9
  3682 | D:5      | Killed a yak
  3683 | D:5      | Reached skill level 1 in Invocations
  3685 | D:5      | Killed a yak
  3686 | D:5      | Reached skill level 8 in Ranged Weapons
  3749 | D:5      | Reached skill level 3 in Invocations
  4017 | D:5      | 4017 ||| DROPPING ring of magical power.
  4018 | D:5      | 4018 ||| DRINKING 2 golden potions.
  4018 | D:5      | Gained mutation: You are frail. (-10% HP) [potion of
                  | mutation]
  4019 | D:5      | 4019 ||| DRINKING potion of mutation.
  4019 | D:5      | Lost mutation: You are frail. (-10% HP) [potion of
                  | mutation]
  4019 | D:5      | Gained mutation: Your muscles are strong. (Str +4, Int/Dex
                  | -1) [potion of mutation]
  4019 | D:5      | Gained mutation: You are robust. (+10% HP) [potion of
                  | mutation]
  4081 | D:6      | 4081 ||| INVOKING Heroism.
  4104 | D:6      | 4104 ||| STAIRDANCE
  4176 | D:6      | 4176 ||| INVOKING Heroism.
  4415 | D:6      | Reached ** piety under Okawaru
  4416 | D:6      | Reached XP level 9. HP: 58/59 MP: 12/12
  4446 | D:6      | Found a staircase to the Ecumenical Temple.
  4453 | D:6      | Reached skill level 9 in Ranged Weapons
  4508 | D:6      | 4508 ||| INVOKING Heroism.
  4509 | D:6      | 4509 ||| Stepping ~*~*~tactically~*~*~ (outnumbered).
  4533 | D:6      | 4533 ||| INVOKING Heroism.
  4778 | D:6      | Found a sacrificial altar of Ru.
  4895 | D:6      | 4895 ||| READING scroll labelled XAIGURULLE.
  4896 | D:6      | 4896 ||| READING scroll labelled OPU SAWUROMOE.
  4897 | D:6      | 4897 ||| READING scroll labelled RONUID AS TIXO.
  4998 | D:6      | 4998 ||| READING 2 scrolls of identify.
  4998 | D:6      | 4998 ||| IDENTIFYING bubbling clear potion
  4999 | D:6      | 4999 ||| DROPPING potion of attraction.
  5041 | D:7      | 5041 ||| INVOKING Heroism.
  5046 | D:7      | Reached skill level 6 in Fighting
  5082 | D:7      | 5082 ||| INVOKING Heroism.
  5083 | D:7      | 5083 ||| Stepping ~*~*~tactically~*~*~ (cloud).
  5163 | D:7      | 5163 ||| INVOKING Heroism.
  5530 | D:7      | Reached skill level 10 in Ranged Weapons
  5747 | D:7      | 5747 ||| READING scroll labelled GIURYAMEEHE.
  5829 | D:8      | Found a flagged portal.
  5860 | D:8      | Noticed a troll
  5861 | D:8      | 5861 ||| INVOKING Heroism.
  5864 | D:8      | Killed a troll
  5865 | D:8      | Reached skill level 3 in Dodging
  5965 | D:8      | Found a broken altar of Ashenzari.
  5981 | D:8      | 5981 ||| INVOKING Heroism.
  5982 | D:8      | 5982 ||| Stepping ~*~*~tactically~*~*~ (outnumbered).
  5984 | D:8      | 5984 ||| Stepping ~*~*~tactically~*~*~ (outnumbered).
  5985 | D:8      | 5985 ||| Stepping ~*~*~tactically~*~*~ (outnumbered).
  6110 | D:8      | Reached XP level 10. HP: 69/69 MP: 13/13
  6119 | D:8      | Reached skill level 11 in Ranged Weapons
  6215 | D:8      | Found a snail-covered altar of Cheibriados.
  6240 | D:8      | Found a staircase to the Lair.
  6267 | D:8      | Killed an unseen horror
  6484 | D:8      | Found a bloodstained altar of Trog.
  6484 | D:8      | Found a blossoming altar of Fedhas.
  6486 | D:8      | 6486 ||| READING scroll labelled EPAOTUL FIA.
  6497 | D:8      | 6497 ||| INVOKING Heroism.
  6640 | D:8      | 6640 ||| READING 3 scrolls of identify.
  6640 | D:8      | 6640 ||| IDENTIFYING orange potion
  6641 | D:8      | 6641 ||| READING 2 scrolls of identify.
  6641 | D:8      | 6641 ||| IDENTIFYING glowing coppery potion
  6642 | D:8      | 6642 ||| DROPPING potion of berserk rage.
  6700 | D:9      | 6700 ||| STAIRDANCE
  6703 | D:8      | 6703 ||| INVOKING Heroism.
  6875 | D:9      | 6875 ||| INVOKING Heroism.
  6899 | D:9      | 6899 ||| DRINKING potion of curing.
  6899 | D:9      | 6899 ||| (to cure confusion)
  6905 | D:9      | Found an ornate altar of the Wu Jian Council.
  6939 | D:8      | 6939 ||| INVOKING Heroism.
  6944 | D:8      | Reached skill level 12 in Ranged Weapons
  6972 | D:8      | Noticed a deep elf pyromancer
  6973 | D:8      | Noticed a centaur warrior
  6974 | D:8      | 6974 ||| Stepping ~*~*~tactically~*~*~ (outnumbered).
  6980 | D:8      | 6980 ||| INVOKING Heroism.
  6986 | D:8      | HP: 13/70 [centaur warrior/arrow (11)]
  6987 | D:8      | 6987 ||| READING 4 scrolls of teleportation.
  6988 | D:8      | 6988 ||| DRINKING 2 potions of heal wounds.
  6990 | D:8      | Noticed a centaur warrior
  6991 | D:8      | HP: 13/70 [centaur warrior/arrow (8)]
  6992 | D:8      | 6992 ||| READING 3 scrolls of teleportation.
  6992 | D:8      | HP: 1/70 [meliai/divine providence (12)]
  6993 | D:8      | 6993 ||| DRINKING potion of heal wounds.
  6998 | D:8      | 6998 ||| READING 2 scrolls of teleportation.
  6999 | D:8      | 6999 ||| INVOKING Heroism.
  7003 | D:8      | 7003 ||| READING scroll of teleportation.
  7004 | D:8      | Shot with an arrow by a centaur warrior

Levels and vault maps discovered:
D:1:      scummos_arrival_forest, layout_loops_cross
D:2:      layout_basic, kennysheep_generic_room_5, uniq_terence
D:3:      layout_basic, minmay_vboxes
D:4:      layout_loops_ring, mainiacjoe_overflow_catwalk, lemuel_crystal_altar,
          serial_aquarium, aquarium_bridge_long_joined
          [aquarium_subvault_balcony, aquarium_subvault_wall,
          aquarium_subvault_bridge, aquarium_subvault_wall,
          aquarium_subvault_window, aquarium_subvault_bridge],
          aquarium_window_corridor_1, aquarium_window_corner,
          aquarium_window_fake, aquarium_view_2b, aquarium_view_2b,
          aquarium_balcony_3a, aquarium_pool_side, st_stairs_1, uniq_duvessa
D:5:      layout_loops_ring, amcnicky_altar_gilded, nrook_mini_vaults,
          st_stairs_11
D:6:      layout_loops_cross, marbit_many_paths, minmay_temple_entry_hall
D:7:      layout_rooms, serial_rivers, chequers_serial_rivers_large_a,
          chequers_serial_rivers_large_b, chequers_serial_rivers_micro_a,
          chequers_serial_rivers_micro_e, chequers_serial_rivers_small_a,
          minmay_misc_feat_x
D:8:      minmay_klotski, layout_basic, evilmike_ruin_ashenzari,
          cheibriados_altar_1, jmf_multi_god_temple, lair_entry_dummy,
          enter_bailey_3
D:9:      layout_long_grid, mainiacjoe_overflow_concentric_impassable

Skill      XL: |  1  2  3  4  5  6  7  8  9 10 |
---------------+-------------------------------+-----
Ranged Weapons | 3 4 5 6 7 8 10 12 | 12.0
Fighting       | 2 3 4 5 7 8 |  8.0
Armour         | 1 3 4 |  4.5
Invocations    | 4 |  4.0
Dodging        | 2 3 |  3.1
Spellcasting   | |  1.0
Hexes          | |  2.6

Action                     |  1- 3 |  4- 6 |  7- 9 | 10-12 || total
---------------------------+-------+-------+-------+-------++-------
   Fire: Sling             |    77 |    91 |       |       ||   168
         Greatsling        |       |    51 |   202 |    70 ||   323
 Invoke: Heroism           |       |       |     9 |     6 ||    15
    Use: Scroll            |     5 |     8 |     6 |     7 ||    26
         Potion            |       |     2 |     2 |     3 ||     7
 Armour: Robe              |    15 |     6 |       |       ||    21
         Ring mail         |       |    34 |    43 |    30 ||   107
  Dodge: Dodged            |    22 |    39 |    44 |    33 ||   138

Table legend:
 A = Non-vault XP
 B = Vault XP
 C = Vault XP percentage of total XP
 D = Non-vault monster count
 E = Vault monster count
 F = Vault count percentage of total count
                 A         B        C        D         E       F
            +---------+---------+-------+---------+---------+-------
      Total |    6395 |    1232 |  16.2 |     144 |      27 |  15.8
            +---------+---------+-------+---------+---------+-------
        D:1 |      24 |       0 |   0.0 |      16 |       0 |   0.0
        D:2 |      60 |      36 |  37.5 |      20 |       3 |  13.0
        D:3 |      57 |       6 |   9.5 |      17 |       4 |  19.0
        D:4 |     135 |     212 |  61.1 |      10 |       4 |  28.6
        D:5 |    1077 |      93 |   7.9 |      19 |       4 |  17.4
        D:6 |     946 |      11 |   1.1 |      27 |       1 |   3.6
        D:7 |     884 |       0 |   0.0 |      13 |       0 |   0.0
        D:8 |    2393 |     874 |  26.8 |      14 |      11 |  44.0
        D:9 |     819 |       0 |   0.0 |       8 |       0 |   0.0
            +---------+---------+-------+---------+---------+-------
